 Dungeon Crawl Stone Soup version 0.30-a0-557-ge2afbf3030 (webtiles) character file.

Game seed: 7460949497923555542

66 Newt the Shooter (level 4, -3/26 HPs)
             Began as a Kobold Hunter on Dec 27, 2022.
             Slain by Terence
             ... wielding a +0 mace
              (9 damage)
             ... on level 2 of the Dungeon.
             The game lasted 00:01:32 (1249 turns).

Newt the Shooter (Kobold Hunter)                    Turns: 1249, Time: 00:01:33

Health: -3/26      AC:  4    Str:  8    XL:     4   Next: 37%
Magic:  4/4        EV: 14    Int: 10    God:
Gold:   126        SH:  0    Dex: 20    Spells: 3/3 levels left

rFire   . . .      SeeInvis .    a - +1 shortbow
rCold   . . .      Faith    .    (shield currently unavailable)
rNeg    . . .      Spirit   .    c - +0 leather armour
rPois   .          Reflect  .    (no helmet)
rElec   .          Harm     .    g - +0 cloak
rCorr   .          Rampage  .    (no gloves)
Will    .....                    (no boots)
Stlth   +++                      (no amulet)
HPRegen 0.24/turn                (no ring)
MPRegen 0.09/turn                (no ring)

@: no status effects
A: small, no large weapons, nightstalker 3
a: no special abilities


You were on level 2 of the Dungeon.
You visited 1 branch of the dungeon, and saw 2 of its levels.

You collected 126 gold pieces.

Inventory:

Hand Weapons
 a - a +1 shortbow (weapon)
Missiles
 i - 3 poisoned darts
Armour
 c - a +0 leather armour (worn)
 d - a +3 ring mail
 g - a +0 cloak (worn)
Scrolls
 b - a scroll of immolation
 k - a scroll of noise {unknown}
 l - a scroll of vulnerability {unknown}
Potions
 e - a potion of berserk rage {unknown}
 f - a potion of magic {unknown}
 m - a potion of heal wounds {unknown}


   Skills:
 - Level 2.1 Fighting
 * Level 7.4 Ranged Weapons
 - Level 2.4 Dodging
 - Level 1.3 Stealth


You had 3 spell levels left.
You didn't know any spells.
Your spell library contained the following spells:

 Spells                   Type           Power      Damage    Failure   Level
 Kiss of Death            Conj/Necr      0%         2d5       50%         1
 Confusing Touch          Hex            0%         N/A       86%         3
 Dispel Undead            Necr           0%         3d6       99%         4


Dungeon Overview and Level Annotations

Branches:
Dungeon (2/15)

Altars:

Annotations:
D:2 Terence


Innate Abilities, Weirdness & Mutations

You are small and have problems with some larger weapons.
You are completely attuned to the shadows.


Message History

You see here a giant cockroach corpse.
You now have 126 gold pieces (gained 19).
Found a chain mail.
You see here a +0 chain mail.
You enter the shallow water.
Moving in this stuff is going to be slow.
Terence the Incautious comes into view.
He is wielding a +0 mace.
Found a scroll labelled UROAPAOWEI.
Terence shouts!
You shoot an arrow. The arrow hits Terence.
Terence is lightly wounded.
You shoot an arrow. The arrow hits Terence.
Terence is moderately wounded.
You shoot an arrow. The arrow hits Terence.
Terence is heavily wounded.
Terence hits you with a +0 mace!
You shoot an arrow.
The arrow hits Terence but does no damage.
Terence is heavily wounded.
Terence hits you with a +0 mace.
You shoot an arrow. The arrow hits Terence!
Terence is almost dead.
A giant cockroach comes into view.
Terence barely misses you.
Fire: a) +1 shortbow
Press: ? - help, Q - select action, (/) - cycle Shift-Dir - straight line, f/p - Terence
Aim: Terence, wielding a +0 mace and wearing a +0 scale mail (almost dead, 70% to hit)
You shoot an arrow.
The arrow hits Terence but does no damage.
Terence is almost dead.
Terence closely misses you. Terence hits you with a +0 mace!
* * * LOW HITPOINT WARNING * * *
Okay, then.
Throw: 4 darts (poison)
Press: ? - help, Shift-Dir - straight line, f/p - Terence
Aim: Terence, wielding a +0 mace and wearing a +0 scale mail (almost dead, 66% to hit)
You throw a poisoned dart. The poisoned dart hits Terence.
Terence is poisoned.
Terence is almost dead.
Terence hits you with a +0 mace!
You die...

#~.~≈~.♣~ ...#
#~~≈~≈♣ ~...#
##..~~≈~.♣~≈~...
....~≈≈~≈~≈≈≈..#
##†≈~≈≈≈≈≈≈≈~~.######
#.~≈~~~~≈~~≈≈...?...
#...~.....[≈≈~......
#.~.....~..~.~..B...
###########....@@..?
#######.## #


You could see Terence (poisoned) and a giant cockroach.

Vanquished Creatures
  An adder (D:2)
  A dart slug (D:1)
  5 bats (D:1)
  An endoplasm (D:1)
  4 giant cockroaches
  5 hobgoblins
  14 jackals (D:1)
  A quokka (D:2)
  5 ball pythons
  A frilled lizard (D:1)
  4 goblins (D:1)
  4 kobolds
  5 rats (D:1)
51 creatures vanquished.

Notes
Turn   | Place    | Note
-------+----------+-------------------------------------------
     0 | D:1      | Newt the Kobold Hunter began the quest for the Orb.
     0 | D:1      | Reached XP level 1. HP: 12/12 MP: 1/1
   121 | D:1      | Reached XP level 2. HP: 17/17 MP: 2/2
   135 | D:1      | Reached skill level 6 in Ranged Weapons
   350 | D:1      | Reached XP level 3. HP: 21/21 MP: 3/3
   583 | D:1      | Reached skill level 7 in Ranged Weapons
   738 | D:1      | Reached XP level 4. HP: 26/26 MP: 4/4
  1242 | D:2      | Noticed Terence
  1249 | D:2      | Slain by Terence

Illustrated notes

Levels and vault maps discovered:
D:1:      minmay_arrival_four_houses, layout_loops_ring, serial_bayou_pond_d,
          hex_medium
D:2:      cheibrodos_pilgrimage, layout_basic, chequers_ecumenical_altar_island,
          minmay_tree_intersection, minmay_snake_closets, uniq_terence

Skill      XL: |  1  2  3 |
---------------+----------+-----
Ranged Weapons | 6 7 |  7.4
Fighting       | |  2.1
Dodging        | |  2.4
Stealth        | |  1.3

Action                   |  1- 3 |  4- 6 || total
-------------------------+-------+-------++-------
 Fire: Shortbow          |    98 |    33 ||   131
Throw: Dart              |       |     1 ||     1
  Use: Scroll            |       |     4 ||     4
Armor: Leather armour    |    17 |     4 ||    21
Dodge: Dodged            |    46 |    22 ||    68

Table legend: (Time is in decaauts)
 A = Elapsed time spent in this place.
 B = Non-inter-level travel time spent in this place.
 C = Inter-level travel time spent in this place.
 D = Time resting spent in this place.
 E = Time spent auto-exploring this place.
 F = Levels seen in this place.
 G = Mean time per level.
                   A        B        C        D        E       F      G
               +--------+--------+--------+--------+--------+-----+--------+
         Total |   1283 |   1239 |     44 |    120 |    871 |   2 |  641.5 |
       Dungeon |   1283 |   1239 |     44 |    120 |    871 |   2 |  641.5 |
               +--------+--------+--------+--------+--------+-----+--------+

Top non-repeatable levels by time:
     D:1: 1035 daAuts
     D:2: 247 daAuts
